 Dungeon Crawl Stone Soup version 0.24.0-1-gfbc8707 (webtiles) character file.

Game seed: 13015337590234714124, levelgen mode: deterministic

5736 Buxparty the Fighter (level 10, -1/82 HPs)
             Began as a Gnoll Wanderer on Jan 5, 2020.
             Was a Priest of the Shining One.
             Slain by a yak (13 damage)
             ... on level 9 of the Dungeon.
             The game lasted 00:26:51 (8676 turns).

Buxparty the Fighter (Gnoll Wanderer)               Turns: 8676, Time: 00:26:51

Health: -1/82      AC: 12    Str: 22    XL:     10   Next: 77%
Magic:  18/18      EV: 15    Int: 13    God:    the Shining One [***...]
Gold:   342        SH:  0    Dex: 14    Spells: 20/20 levels left

rFire    . . .     SeeInvis .   a - +4 spear
rCold    . . .     Gourm    .   (no shield)
rNeg     + . .     Faith    .   i - +2 ring mail {MR+}
rPois    .         Spirit   .   D - +0 helmet
rElec    .         Reflect  .   (no cloak)
rCorr    .         Harm     .   t - +0 pair of gloves
MR       +....                  k - +0 pair of boots
Stlth    +.........             M - amulet of rage
HPRegen  0.23/turn              s - +2 ring of dexterity
MPRegen  0.16/turn              I - +1 ring of evasion

@: glowing
A: distributed training, fangs 1, strong nose
a: Divine Shield, Renounce Religion, Evoke Berserk Rage


You were on level 9 of the Dungeon.
You worshipped the Shining One.
The Shining One was most pleased with you.
You were not hungry.

You visited 1 branch of the dungeon, and saw 9 of its levels.

You collected 342 gold pieces.

Inventory:

Hand Weapons
 a - a +4 spear (weapon)
 b - a +0 longbow
 d - a +0 short sword
 m - a +0 hunting sling
Missiles
 g - 39 poisoned darts (quivered)
 l - 126 bolts
 p - 158 arrows
 A - 3 javelins
Armour
 i - a +2 ring mail of magic resistance (worn)
 k - a +0 pair of boots (worn)
 t - a +0 pair of gloves (worn)
 D - a +0 helmet (worn)
 L - a +0 buckler
Jewellery
 s - a +2 ring of dexterity (left hand)
 B - an uncursed amulet of the acrobat
 E - an uncursed ring of resist corrosion
 I - a +1 ring of evasion (right hand)
 M - an amulet of rage (around neck)
Wands
 F - a wand of flame (14)
 J - a wand of polymorph (8)
Scrolls
 c - 5 scrolls of teleportation
 o - 3 scrolls of immolation {unknown}
 q - 11 scrolls of identify
 v - 5 scrolls of remove curse
 y - 3 scrolls of amnesia
 C - 6 scrolls of blinking {unknown}
 G - a scroll of vulnerability {unknown}
 H - a scroll of fear
 K - a scroll of enchant weapon
Potions
 e - 2 potions of heal wounds
 h - a potion of cancellation
 j - 2 potions of brilliance {unknown}
 n - a potion of agility {unknown}
 r - 2 potions of haste
 u - a potion of flight {unknown}
 w - a potion of curing
 x - a potion of invisibility {unknown}
 z - a potion of might {unknown}
Comestibles
 f - 14 rations


   Skills:
 + Level 8.6 Fighting
 + Level 5.5 Short Blades
 + Level 5.5 Long Blades
 + Level 5.5 Axes
 + Level 5.5 Maces & Flails
 + Level 6.1 Polearms
 + Level 5.5 Staves
 + Level 5.5 Slings
 + Level 5.5 Bows
 + Level 6.1 Crossbows
 + Level 6.1 Throwing
 + Level 6.1 Armour
 + Level 6.1 Dodging
 + Level 6.0 Stealth
 + Level 6.1 Shields
 + Level 5.5 Unarmed Combat
 + Level 5.5 Spellcasting
 + Level 4.5 Conjurations
 + Level 4.5 Hexes
 + Level 4.5 Charms
 + Level 4.5 Summonings
 + Level 4.5 Necromancy
 + Level 4.5 Translocations
 + Level 4.5 Transmutations
 + Level 4.5 Fire Magic
 + Level 4.5 Ice Magic
 + Level 4.5 Air Magic
 + Level 4.5 Earth Magic
 + Level 4.5 Poison Magic
 + Level 6.0 Invocations
 + Level 5.5 Evocations


You had 20 spell levels left.
You didn't know any spells.
Your spell library contained the following spells:

 Spells                   Type           Power        Failure   Level  Hunger
 Animate Skeleton         Necr           N/A          4%          1    None
 Pain                     Necr           ###.         4%          1    None
 Regeneration             Chrm/Necr      ###.......   12%         3    ###....
 Vampiric Draining        Necr           ###.......   12%         3    ###....
 Animate Dead             Necr           N/A          38%         4    ####...


Dungeon Overview and Level Annotations

Branches:
Dungeon (9/15)             Temple (0/1) D:7
   Lair: D:8-11         Orc: D:9-12

Altars:
Elyvilon
Fedhas
Hepliaklqana
Kikubaaqudgha
Makhleb
Nemelex Xobeh
Uskayaw
Vehumet
The Shining One

Shops:
D:8 ?:

Annotations:
D:7 1 runed translucent door, Caerwyn's ghost, novice DrBe


Innate Abilities, Weirdness & Mutations

Your experience applies equally to all skills.
You have very sharp teeth.
Your uncanny sense of smell can sniff out nearby items.


Message History

You bite the yak, but do no damage.
The yak is moderately wounded.
The yak closely misses you.
You hit the yak.
The yak is heavily wounded.
The yak gores you but does no damage.
You hit the yak. You bite the yak.
The yak is heavily wounded.
The yak gores you!
* * * LOW HITPOINT WARNING * * *
You hit the yak.
The yak is severely wounded.
You hit the yak. You bite the yak.
The yak is almost dead.
The yak gores you!
* * * LOW HITPOINT WARNING * * *
You hit the yak but do no damage. You bite the yak, but do no damage.
The yak is almost dead.
The yak gores you!
You die...

#.##.#.##.# #....# #....#.##.#
#....+ #....#.##.#####....# ..
#....#.##.##..#....# +...+
#....#.##.##..'....# #...# ∆
#<...#....#####....#∆#.#.#
#....#....#..÷.....# #.#.########
#....###'##.##.....# #.#.........
#...........##..@Y.###.#..###..#.
#.##..#.....##.........#.........
#.##.....#..........#............
#........#..........#............
#........#..#....#..#..#.......##
#.........................)......
#################################


You could see a yak.

Vanquished Creatures
  A hippogriff (D:7)
  9 yaks (D:9)
  A wyvern (D:8)
  Duvessa (D:5)
  2 black bears (D:6)
  An ice beast (D:6)
  3 orc warriors
  A sky beast (D:7)
  7 ogres
  4 phantoms
  2 centaurs (D:8)
  2 big kobolds (D:7)
  5 bullfrogs
  Dowan (D:5)
  A wyvern skeleton (D:7)
  6 killer bees (D:8)
  A howler monkey (D:4)
  4 crimson imps
  2 centaur zombies
  A quasit (D:6)
  A bullfrog zombie (D:7)
  An orc priest (D:6)
  2 jellies (D:6)
  10 orc wizards
  3 centaur skeletons
  4 iguanas
  A worker ant (D:6)
  2 hound zombies
  Robin (D:3)
  4 gnolls (D:8)
  A howler monkey skeleton (D:7)
  6 adders
  A shadow imp (D:8)
  An adder zombie (D:7)
  2 worms
  2 dart slugs
  4 leopard geckos
  31 orcs
  2 ball pythons
  6 giant cockroaches
  12 goblins
  6 hobgoblins
  8 jackals
  19 kobolds
  6 quokkas
  8 bats
  A frilled lizard (D:1)
  2 rats (D:3)
202 creatures vanquished.

Notes
Turn   | Place    | Note
-------+----------+-------------------------------------------
     0 | D:1      | Buxparty the Gnoll Wanderer began the quest for the Orb.
     0 | D:1      | Buxparty set off with the following items: a +2 spear, a +0
                  | short sword, a scroll of teleportation, a +0 robe, a ration
     0 | D:1      | Reached XP level 1. HP: 23/23 MP: 1/1
   198 | D:1      | Reached XP level 2. HP: 29/29 MP: 2/2
   771 | D:2      | Reached XP level 3. HP: 34/35 MP: 3/3
  1212 | D:2      | Reached skill level 1 in Invocations
  1235 | D:2      | Found a glowing golden altar of the Shining One.
  1242 | D:2      | Became a worshipper of the Shining One
  1882 | D:3      | Reached skill level 1 in Short Blades
  1882 | D:3      | Reached skill level 1 in Long Blades
  1882 | D:3      | Reached skill level 1 in Axes
  1882 | D:3      | Reached skill level 1 in Maces & Flails
  1882 | D:3      | Reached skill level 1 in Staves
  1882 | D:3      | Reached skill level 1 in Slings
  1882 | D:3      | Reached skill level 1 in Bows
  1882 | D:3      | Reached skill level 1 in Unarmed Combat
  1882 | D:3      | Reached skill level 1 in Spellcasting
  1882 | D:3      | Reached skill level 1 in Evocations
  1925 | D:3      | Noticed Robin
  1932 | D:3      | Reached XP level 4. HP: 37/41 MP: 5/5
  1946 | D:3      | Killed Robin
  2294 | D:3      | Reached skill level 1 in Conjurations
  2294 | D:3      | Reached skill level 1 in Hexes
  2294 | D:3      | Reached skill level 1 in Charms
  2294 | D:3      | Reached skill level 1 in Summonings
  2294 | D:3      | Reached skill level 1 in Necromancy
  2294 | D:3      | Reached skill level 1 in Translocations
  2294 | D:3      | Reached skill level 1 in Transmutations
  2294 | D:3      | Reached skill level 1 in Fire Magic
  2294 | D:3      | Reached skill level 1 in Ice Magic
  2294 | D:3      | Reached skill level 1 in Air Magic
  2294 | D:3      | Reached skill level 1 in Earth Magic
  2294 | D:3      | Reached skill level 1 in Poison Magic
  2310 | D:3      | Found a sparkling altar of Nemelex Xobeh.
  2544 | D:4      | Noticed an ogre
  2555 | D:4      | Killed an ogre
  2555 | D:4      | Reached XP level 5. HP: 22/47 MP: 5/7
  2861 | D:4      | Reached XP level 6. HP: 53/53 MP: 8/8
  3320 | D:5      | Entered Level 5 of the Dungeon
  3349 | D:5      | Reached * piety under the Shining One
  3430 | D:5      | Reached XP level 7. HP: 24/59 MP: 10/10
  3650 | D:5      | Reached skill level 7 in Fighting
  3769 | D:5      | Noticed Duvessa
  3769 | D:5      | Noticed Dowan
  3785 | D:5      | Killed Duvessa
  3793 | D:5      | Killed Dowan
  3800 | D:5      | HP: 4/90 [poisoned by Duvessa]
  3805 | D:5      | HP: 2/90 [poisoned by Duvessa]
  3812 | D:5      | HP: 1/90 [poisoned by Duvessa]
  3819 | D:5      | HP: 1/90 [poisoned by Duvessa]
  3827 | D:5      | HP: 1/90 [poisoned by Duvessa]
  4451 | D:5      | Reached XP level 8. HP: 67/67 MP: 12/12
  4459 | D:5      | Found a radiant altar of Vehumet.
  5094 | D:6      | Found a burning altar of Makhleb.
  5561 | D:6      | Reached XP level 9. HP: 49/72 MP: 14/14
  5777 | D:6      | Found a white marble altar of Elyvilon.
  5890 | D:7      | Found a blossoming altar of Fedhas.
  6085 | D:7      | Reached ** piety under the Shining One
  6142 | D:7      | Found a staircase to the Ecumenical Temple.
  6261 | D:7      | Reached skill level 5 in Polearms
  6261 | D:7      | Reached skill level 5 in Crossbows
  6261 | D:7      | Reached skill level 5 in Throwing
  6261 | D:7      | Reached skill level 5 in Armour
  6261 | D:7      | Reached skill level 5 in Dodging
  6261 | D:7      | Reached skill level 5 in Shields
  6361 | D:7      | Found a runed translucent door.
  6389 | D:7      | Reached skill level 5 in Stealth
  6569 | D:7      | Noticed Caerwyn's ghost (novice DrBe)
  6675 | D:7      | Reached skill level 8 in Fighting
  6912 | D:8      | Reached skill level 5 in Invocations
  7086 | D:8      | Reached XP level 10. HP: 26/80 MP: 15/17
  7717 | D:8      | Found Seecoxy's Magic Scroll Shoppe.
  7784 | D:8      | Found Yggesith's Book Shop.
  7854 | D:8      | Found a hide-covered altar of Uskayaw.
  7904 | D:8      | Reached *** piety under the Shining One
  7927 | D:8      | Reached skill level 5 in Short Blades
  7927 | D:8      | Reached skill level 5 in Long Blades
  7927 | D:8      | Reached skill level 5 in Axes
  7927 | D:8      | Reached skill level 5 in Maces & Flails
  7927 | D:8      | Reached skill level 5 in Staves
  7927 | D:8      | Reached skill level 5 in Slings
  7927 | D:8      | Reached skill level 5 in Bows
  7927 | D:8      | Reached skill level 5 in Unarmed Combat
  7927 | D:8      | Reached skill level 5 in Spellcasting
  7927 | D:8      | Reached skill level 5 in Evocations
  8035 | D:8      | Found an ancient bone altar of Kikubaaqudgha.
  8039 | D:8      | Found a hazy altar of Hepliaklqana.
  8676 | D:9      | Slain by a yak

Levels and vault maps discovered:
D:1:      roderic_dead_forest, layout_rooms
D:2:      layout_loops_corners, tso_altar
D:3:      layout_basic, nemelex_spade_bored_becter, uniq_robin
D:4:      layout_basic, hangedman_decor_opposing, minmay_misc_feat_four_crosses,
          kennysheep_decorative_pillar, kennysheep_generic_room_10
D:5:      layout_basic, marbit_many_paths, first_ration, columned_hall_lemuel,
          uniq_duvessa
D:6:      layout_basic, overflow_temple_1_default, lemuel_crystal_altar,
          nicolae_ossuary_entry_ruins
D:7:      layout_gridville, minmay_temple_entry_trees,
          ebering_ghost_reflecting_pool, grunt_ogre_cave, fedhas_altar_1
D:8:      layout_loops_cross, eat_drink_and_be_merry_uskayaw,
          chequers_temple_overflow_statue_of_worship, serial_shops, shop,
          kennysheep_mini_moat, sigmund_army
D:9:      layout_stronghold, lair_entry_dummy, minmay_the_grid_2x2
          [minmay_the_grid_expand, minmay_the_grid_broken_lines,
          minmay_the_grid_spin_star, minmay_the_grid_prize_inner_circle]

Skill      XL: |  1  2  3  4  5  6  7  8  9 10 |
---------------+-------------------------------+-----
Invocations    | 1 2 3 4 5 6 |  6.0
Short Blades   | 1 2 3 4 5 |  5.5
Long Blades    | 1 2 3 4 5 |  5.5
Axes           | 1 2 3 4 5 |  5.5
Maces & Flails | 1 2 3 4 5 |  5.5
Staves         | 1 2 3 4 5 |  5.5
Slings         | 1 2 3 4 5 |  5.5
Bows           | 1 2 3 4 5 |  5.5
Unarmed Combat | 1 2 3 4 5 |  5.5
Spellcasting   | 1 2 3 4 5 |  5.5
Evocations     | 1 2 3 4 5 |  5.5
Conjurations   | 1 2 3 4 |  4.5
Hexes          | 1 2 3 4 |  4.5
Charms         | 1 2 3 4 |  4.5
Summonings     | 1 2 3 4 |  4.5
Necromancy     | 1 2 3 4 |  4.5
Translocations | 1 2 3 4 |  4.5
Transmutations | 1 2 3 4 |  4.5
Fire Magic     | 1 2 3 4 |  4.5
Ice Magic      | 1 2 3 4 |  4.5
Air Magic      | 1 2 3 4 |  4.5
Earth Magic    | 1 2 3 4 |  4.5
Poison Magic   | 1 2 3 4 |  4.5
Polearms       | 3 4 5 6 |  6.1
Crossbows      | 3 4 5 6 |  6.1
Throwing       | 3 4 5 6 |  6.1
Armour         | 3 4 5 6 |  6.1
Dodging        | 3 4 5 6 |  6.1
Shields        | 3 4 5 6 |  6.1
Stealth        | 3 4 5 6 |  6.0
Fighting       | 7 8 |  8.6

Action                   |  1- 3 |  4- 6 |  7- 9 | 10-12 || total
-------------------------+-------+-------+-------+-------++-------
Melee: Spear             |   123 |   103 |   464 |   192 ||   882
       Bite              |     7 |     9 |    55 |    35 ||   106
       Punch             |       |     1 |     4 |     3 ||     8
 Fire: Longbow           |       |       |       |    27 ||    27
Throw: Dart              |       |       |     2 |       ||     2
  Use: Scroll            |     6 |     3 |       |       ||     9
       Potion            |       |       |     6 |       ||     6
 Stab: Sleeping          |     2 |       |       |       ||     2
       Distracted        |     1 |       |       |       ||     1
  Eat: Ration            |     1 |     2 |     3 |     2 ||     8
Armor: Robe              |    14 |     2 |       |       ||    16
       Ring mail         |       |     8 |   189 |    34 ||   231
Dodge: Dodged            |    81 |    56 |   327 |    98 ||   562
Block: Buckler           |       |       |    50 |    14 ||    64
